 Dungeon Crawl Stone Soup version 0.30-b1-2-g02819fbbbe (webtiles) character file.

Game seed: 9239990249325368935

26646 Mysteryquy the Protected (level 13, -7/177 HPs)
             Began as an Armataur Fighter on May 3, 2023.
             Was the Champion of Okawaru.
             Mangled by Rupert
             ... wielding a +5 great mace of protection
              (24 damage)
             ... on level 3 of the Lair of Beasts.
             The game lasted 00:27:59 (16135 turns).

Mysteryquy the Protected (Armataur Fighter)        Turns: 16135, Time: 00:28:00

Health: -7/177     AC: 26    Str: 26    XL:     13   Next: 0%
Magic:  14/14      EV:  1    Int: 14    God:    Okawaru [******]
Gold:   901        SH: 10    Dex: 17    Spells: 12/12 levels left

rFire   . . .        V - +1 eveningstar (freeze)
rCold   . . .        s - +3 buckler
rNeg    . . .        A - melded +0 plate armour
rPois   +            (helmet currently unavailable)
rElec   .            t - melded +0 cloak
rCorr   .            (gloves currently unavailable)
SInv    .            (no barding)
Will    .....        u - amulet of faith
Stlth   ++           n - +6 ring of dexterity
HPRegen 0.49/turn    q - +6 ring of intelligence
MPRegen 0.14/turn

%: roll, faith
@: mighty, tree-form
A: stationary, stasis, torment immunity, boosted hp, large, rugged brown scales
3, (deformed body), (armoured tail), roll, long tongue, awkward tongue
a: Renounce Religion, Heroism, Finesse, Duel


You were on level 3 of the Lair of Beasts.
You worshipped Okawaru.
Okawaru was exalted by your worship.
You were a tree.
You visited 2 branches of the dungeon, and saw 14 of its levels.

You collected 901 gold pieces.

Inventory:

Hand Weapons
 a - a +0 flail
 f - a +2 demon whip of electrocution
 C - a +0 whip of protection
 K - a +1 vampiric whip
 O - a +2 whip of venom
 V - a +1 eveningstar of freezing (weapon)
Armour
 b - a +0 scale mail
 c - a +0 buckler
 s - a +3 buckler (worn)
 t - a +0 cloak (melded)
 A - a +0 plate armour (melded)
Jewellery
 g - a +6 ring of strength
 n - a +6 ring of dexterity (left branch)
 q - a +6 ring of intelligence (right branch)
 u - an amulet of faith (around neck)
 w - an amulet of magic regeneration
 F - a +6 ring of strength
 Q - a ring of protection from cold
Wands
 v - a wand of roots (33)
 B - a wand of flame (26)
 E - a wand of mindburst (17)
 J - a wand of acid (8)
Scrolls
 e - a scroll of brand weapon
 j - a scroll of enchant armour
 k - 6 scrolls of teleportation
 m - 3 scrolls of fog
 o - 4 scrolls of vulnerability
 p - 3 scrolls of immolation
 r - 3 scrolls of amnesia
 x - 4 scrolls of identify
 y - a scroll of magic mapping
 H - a scroll of enchant weapon
 N - a scroll of poison
 P - 2 scrolls of fear
 R - a scroll of silence {unknown}
 S - a scroll of blinking
Potions
 d - 2 potions of might
 h - 2 potions of curing
 i - 3 potions of flight
 l - 2 potions of haste
 z - a potion of resistance {unknown}
 D - a potion of magic
 G - a potion of brilliance {unknown}
 I - 2 potions of attraction
 M - a potion of invisibility {unknown}
 T - 2 potions of experience {unknown}
 U - 2 potions of mutation {unknown}


   Skills:
 + Level 9.2 Fighting
 + Level 12.3 Maces & Flails
 + Level 13.9 Armour
 + Level 2.1 Dodging
 + Level 1.6 Stealth
 + Level 10.7 Shields
 + Level 2.1 Invocations


You had 12 spell levels left.
You didn't know any spells.
Your spell library contained the following spells:

 Spells                   Type           Power      Damage    Failure   Level
 Apportation              Tloc           0%         N/A       32%         1
 Freeze                   Ice            0%         1d3       32%         1
 Necrotise                Necr           0%         1d4       32%         1
 Ensorcelled Hibernation  Hex/Ice        0%         N/A       43%         2
 Passwall                 Tmut/Erth      0%         N/A       43%         2
 Poisonous Vapours        Pois/Air       0%         N/A       43%         2
 Scorch                   Fire           0%         2d5       43%         2
 Frozen Ramparts          Ice            0%         1d1       67%         3
 Mephitic Cloud           Conj/Pois/Air  0%         N/A       67%         3
 Portal Projectile        Hex/Tloc       0%         N/A       67%         3
 Stone Arrow              Conj/Erth      0%         3d7       67%         3
 Swiftness                Air            0%         N/A       67%         3
 Flame Wave               Conj/Fire      0%         2d4       97%         4
 Ice Form                 Ice/Tmut       0%         N/A       97%         4
 Leda's Liquefaction      Hex/Erth       0%         N/A       97%         4
 Passage of Golubria      Tloc           0%         N/A       97%         4
 Freezing Cloud           Conj/Ice/Air   0%         6-21      100%        5
 Yara's Violent Unravell  Hex/Tmut       0%         3d3       100%        5
 Ozocubu's Refrigeration  Ice            0%         4d7       100%        7
 Lehudib's Crystal Spear  Conj/Erth      0%         10d2      100%        8
 Summon Small Mammal      Summ           Unusable   N/A       N/A         1
 Call Canine Familiar     Summ           Unusable   N/A       N/A         3
 Tukima's Dance           Hex            Unusable   N/A       N/A         3
 Animate Armour           Summ/Erth      Unusable   N/A       N/A         4
 Summon Cactus Giant      Summ           Unusable   N/A       N/A         6

Dungeon Overview and Level Annotations

Branches:
Dungeon (9/15)             Temple (0/1) D:7            Lair (5/5) D:9
 Spider (0/4) Lair:3          Orc (0/2) D:9
  Swamp: Lair:2-3    Shoals: Lair:2-3     Slime: Lair:4-5

Altars:
Ashenzari
Elyvilon
Fedhas
Hepliaklqana
Kikubaaqudgha
Okawaru
Ru
Trog
Yredelemnul
Zin

Shops:
D:1 [[*(   D:5 [

Annotations:
D:9 2 transporters
Lair:3 Rupert


Innate Abilities, Weirdness & Mutations

You are a tree.
Your roots penetrate the ground, keeping you stationary.
You cannot be teleported.
You are immune to unholy pain and torment.
Your maximum health is greatly increased.
Your equipment is partially melded.
(You are completely covered in rugged brown scales. (AC +3, +7% HP))
((Armour fits poorly on your strangely shaped body.))
((You have a long armoured tail.))
You roll when moving toward enemies. (Rampage)
Your long tongue fully drains potion bottles. (2x potion effects)
Your tongue gives you trouble enunciating. (1.5x scroll delay)


Message History

You cannot move. (Use ctrl+direction or * direction to attack while stationary and confused.)
You cannot move. (Use ctrl+direction or * direction to attack while stationary and confused.)
You cannot move. (Use ctrl+direction or * direction to attack while stationary and confused.)
You cannot move. (Use ctrl+direction or * direction to attack while stationary and confused.)
You cannot move. (Use ctrl+direction or * direction to attack while stationary and confused.)
You cannot move. (Use ctrl+direction or * direction to attack while stationary and confused.)
You cannot move. (Use ctrl+direction or * direction to attack while stationary and confused.)
You cannot move. (Use ctrl+direction or * direction to attack while stationary and confused.)
You cannot move. (Use ctrl+direction or * direction to attack while stationary and confused.)
You cannot move. (Use ctrl+direction or * direction to attack while stationary and confused.)
You swing at nothing.
Rupert hits you with a +5 great mace of protection!
Rupert hits you with a +5 great mace of protection!!
You swing at nothing.
Rupert hits you with a +5 great mace of protection!
You impale Rupert!! You freeze Rupert!
Rupert is lightly wounded.
Rupert hits you with a +5 great mace of protection!!
You hit Rupert. You freeze Rupert.
Rupert is moderately wounded.
You feel less confused. You block Rupert's attack.
Rupert hits you with a +5 great mace of protection!
* * * LOW HITPOINT WARNING * * *
You bludgeon Rupert!! You freeze Rupert.
Rupert is moderately wounded.
Rupert barely misses you.
You closely miss Rupert.
Rupert is moderately wounded.
Rupert hits you with a +5 great mace of protection!
* * * LOW HITPOINT WARNING * * *
You impale Rupert!! You freeze Rupert!
Rupert is severely wounded.
Rupert hits you with a +5 great mace of protection!!
* * * LOW HITPOINT WARNING * * *
You block Rupert's attack.
You thump Rupert! You freeze Rupert.
Rupert is severely wounded.
Rupert hits you with a +5 great mace of protection!!
You die...
P. ♣#♣#♣.♣.... .PPP##♣P.#.......
P ..PP............. .
P.
PPPPP..##.........
P.PPP

#PPPP.#.#..#......
P..PP##.PPP..#.~~~.~~~..
P.P.P...#...##~.~~.~~.~.
..PP......#.#~~~.~.~.~~.
......@♣......~~~...~~~.
...>......P..P....>.....
.....⌠⌠.......~~~...~~~.
...[♣..♣..#...~~.~.~.~~.
... ♣..♣.....~~.~~.~~.~.
##.. ..
♣..♣♣(...#.~~~.~~~..
..#. . ~.♣
♣.#..P.......... ...##
♣~. ♣..P............
#...# ♣....#..........


You could see Rupert (berserk).

Vanquished Creatures
  5 hydras
  Urug (Lair:3)
  Amaemon (Lair:2)
  2 skysharks (Lair:5)
  Pikel (D:4)
  9 elephants
  2 black mambas (Lair:4)
  An orange demon (Lair:2)
  Maggie (D:6)
  5 cane toads
  A rime drake (Lair:3)
  2 komodo dragons (Lair:1)
  A polar bear (Lair:1)
  A troll (D:9)
  A hornet (D:8)
  13 blink frogs
  2 jumping spiders (Lair:3)
  28 yaks
  6 wyverns
  A spriggan (Lair:5)
  A wraith (D:8)
  A basilisk (Lair:2)
  2 redbacks (Lair:3)
  A steam dragon (D:6)
  5 water moccasins
  An acid dragon (D:9)
  2 ice beasts
  A black bear (D:5)
  8 orc warriors
  3 sky beasts
  An ogre (D:7)
  9 wolves
  A lemure (D:3)
  4 centaurs
  7 bullfrogs
  A gnoll sergeant (D:6)
  A wyvern zombie (D:6)
  6 scorpions
  3 wights (D:6)
  6 killer bees
  4 howler monkeys (D:8)
  3 hounds
  A bullfrog zombie (D:6)
  A jelly (D:6)
  4 orc priests
  2 gnoll boudas
  Terence (D:2)
  3 iguanas
  4 orc wizards
  3 sleepcaps (D:6)
  14 gnolls
  9 adders
  A shadow imp (D:8)
  A white imp (D:4)
  2 ufetubi
  A worm (D:4)
  4 dart slugs
  31 orcs
  8 ball pythons
  12 endoplasms
  5 giant cockroaches
  4 hobgoblins
  7 jackals (D:3)
  6 kobolds
  13 bats
  6 frilled lizards
  11 goblins
  4 rats
313 creatures vanquished.

Vanquished Creatures (others)
  An orc (D:5)
  8 fungi
  36 plants
45 creatures vanquished.

Grand Total: 358 creatures vanquished

Notes
Turn   | Place    | Note
-------+----------+-------------------------------------------
     0 | D:1      | Mysteryquy the Armataur Fighter began the quest for the
                  | Orb.
     0 | D:1      | Reached XP level 1. HP: 19/19 MP: 1/1
    66 | D:1      | Found Nuappos's Antique Armour Emporium.
   202 | D:1      | Found Kyum's General Store.
   203 | D:1      | Found Bupelitu's Antique Armour Shop.
   233 | D:1      | Reached XP level 2. HP: 19/26 MP: 2/2
   334 | D:1      | Found Bollu's Weapon Shoppe.
   369 | D:1      | Found Pyifam Loli's Assorted Antiques.
   887 | D:2      | Reached XP level 3. HP: 28/32 MP: 3/3
   993 | D:2      | Noticed Terence
  1005 | D:2      | Killed Terence
  1006 | D:2      | Reached skill level 4 in Armour
  1055 | D:2      | Reached XP level 4. HP: 31/40 MP: 4/4
  1649 | D:2      | Found a faded altar of an unknown god.
  2423 | D:3      | Reached XP level 5. HP: 43/48 MP: 5/5
  2534 | D:4      | Noticed a lemure
  3027 | D:4      | Noticed Pikel
  3028 | D:4      | Noticed a lemure
  3035 | D:5      | Entered Level 5 of the Dungeon
  3126 | D:5      | Noticed an ice beast
  3192 | D:5      | Reached skill level 1 in Dodging
  3192 | D:5      | Reached XP level 6. HP: 42/54 MP: 6/6
  3263 | D:5      | Killed an ice beast
  3319 | D:5      | Found a hazy altar of Hepliaklqana.
  3609 | D:5      | Found Ofuok's Antique Armour Shop.
  3638 | D:5      | Reached skill level 5 in Armour
  3638 | D:5      | Reached XP level 7. HP: 26/62 MP: 7/7
  3799 | D:5      | Reached skill level 5 in Maces & Flails
  3799 | D:5      | Reached skill level 5 in Shields
  4150 | D:6      | Noticed a wyvern
  4156 | D:6      | Killed a wyvern
  4208 | D:6      | Noticed Maggie
  4219 | D:6      | Killed Maggie
  4220 | D:6      | Reached skill level 6 in Armour
  4220 | D:6      | Reached XP level 8. HP: 15/70 MP: 8/8
  4547 | D:6      | Reached skill level 7 in Armour
  5137 | D:4      | Killed Pikel
  5138 | D:4      | Reached XP level 9. HP: 57/78 MP: 9/9
  5241 | D:4      | Reached skill level 5 in Fighting
  5241 | D:4      | Found an iron altar of Okawaru.
  5243 | D:4      | Found a bloodstained altar of Trog.
  5250 | D:4      | Became a worshipper of Warmaster Okawaru
  5442 | D:6      | Reached skill level 8 in Armour
  5703 | D:6      | Found a broken altar of Ashenzari.
  5831 | D:6      | Found a blossoming altar of Fedhas.
  5977 | D:6      | Found a basalt altar of Yredelemnul.
  6580 | D:7      | Reached * piety under Okawaru
  6783 | D:7      | Found a staircase to the Ecumenical Temple.
  7141 | D:7      | Found a sacrificial altar of Ru.
  7157 | D:7      | Reached skill level 9 in Armour
  7398 | D:8      | Found an ancient bone altar of Kikubaaqudgha.
  7406 | D:8      | Found a white marble altar of Elyvilon.
  7633 | D:8      | Reached ** piety under Okawaru
  8050 | D:8      | Found a glowing silver altar of Zin.
  8116 | D:8      | Paralysed by a hornet for 1 turns
  8132 | D:8      | Reached XP level 10. HP: 70/88 MP: 10/10
  8664 | D:7      | Reached skill level 10 in Armour
  8671 | D:7      | Reached *** piety under Okawaru
  9101 | D:9      | Found a staircase to the Lair.
  9865 | D:9      | Found a transporter.
  9865 | D:9      | Noticed a deep elf knight
  9869 | D:9      | Noticed a fire crab
  9974 | D:9      | Reached **** piety under Okawaru
 10037 | D:9      | Found a transporter.
 10214 | D:9      | Found a staircase to the Orcish Mines.
 10263 | D:9      | Reached skill level 11 in Armour
 10684 | D:9      | Noticed an orc sorcerer
 11055 | Lair:1   | Entered Level 1 of the Lair of Beasts
 11055 | Lair:1   | Noticed a cane toad
 11074 | Lair:1   | Killed a cane toad
 11755 | Lair:1   | Identified a scroll of acquirement
 11755 | Lair:1   | Acquired a +2 demon whip of electrocution
 12090 | Lair:1   | Noticed a cane toad
 12096 | Lair:1   | Killed a cane toad
 12112 | Lair:1   | Reached XP level 11. HP: 88/97 MP: 11/11
 12177 | Lair:1   | Reached skill level 1 in Stealth
 12180 | Lair:1   | Reached ***** piety under Okawaru
 12716 | Lair:2   | Got the Annotations on Freezing and Immolation
 12887 | Lair:2   | Noticed Amaemon
 12896 | Lair:2   | Killed Amaemon
 13010 | Lair:2   | Noticed a six-headed hydra
 13030 | Lair:2   | Killed a six-headed hydra
 13030 | Lair:2   | Received a gift from Okawaru
 13031 | Lair:2   | Reached skill level 10 in Maces & Flails
 13031 | Lair:2   | Reached skill level 12 in Armour
 13837 | Lair:3   | Noticed a five-headed hydra
 13844 | Lair:3   | Killed a five-headed hydra
 13935 | Lair:3   | You fall into a shaft and drop 2 floors!
 13935 | Lair:5   | Entered Level 5 of the Lair of Beasts
 14035 | Lair:5   | Identified the +5 quick blade "Nuisoppi" {freeze, Drain rN+
                  | Str+6} (Okawaru gifted it to you on level 5 of the Lair of
                  | Beasts)
 14035 | Lair:5   | Received a gift from Okawaru
 14100 | Lair:5   | Noticed a skyshark
 14117 | Lair:5   | Killed a skyshark
 14144 | Lair:5   | Noticed a four-headed hydra
 14145 | Lair:5   | Noticed a skyshark
 14149 | Lair:5   | Killed a four-headed hydra
 14160 | Lair:5   | Killed a skyshark
 14161 | Lair:5   | Reached XP level 12. HP: 33/108 MP: 12/12
 14266 | Lair:5   | Noticed a seven-headed hydra
 14511 | Lair:4   | Noticed a five-headed hydra
 14531 | Lair:4   | Killed a five-headed hydra
 14531 | Lair:4   | Received a gift from Okawaru
 14787 | Lair:3   | Reached skill level 13 in Armour
 14787 | Lair:3   | Reached skill level 10 in Shields
 14854 | Lair:4   | Reached ****** piety under Okawaru
 15118 | Lair:3   | Noticed a six-headed hydra
 15139 | Lair:3   | Killed a six-headed hydra
 15140 | Lair:3   | Reached skill level 1 in Invocations
 15699 | Lair:3   | Noticed Urug
 15706 | Lair:3   | Killed Urug
 15816 | Lair:3   | Found a hole to the Spider Nest.
 15892 | Lair:3   | Reached XP level 13. HP: 42/118 MP: 9/14
 16120 | Lair:3   | Noticed Rupert
 16135 | Lair:3   | Mangled by Rupert

Illustrated notes

Levels and vault maps discovered:
D:1:      spicycebolla_arrival_clurvy, layout_loops_ring, serial_shops, shop,
          shop, nicolae_shop_competitors_out_of_business, shop, shop
D:2:      layout_loops_cross, shapermc_ecumenical_altar_petra, uniq_terence
D:3:      layout_basic
D:4:      layout_layer_cave, grunt_temple_overflow_bloody_war, st_stairs_12,
          minmay_between, uniq_pikel
D:5:      layout_loops_ring, lemuel_round_altar, serial_shops,
          nicolae_shop_stone, corexii_leaking_fountain
D:6:      layout_basic, lemuel_zombie_altar_yredelemnul, fedhas_altar_4,
          cheibrodos_ashenzari_chains, nicolae_fountain_basement, uniq_maggie
D:7:      layout_cave_pools, nicolae_ru_great_annihilating_truth, temple_pool_b,
          minmay_crossroads
D:8:      old_forge, layout_gridville, zin_treasury,
          mainiacjoe_overflow_large_starburst
D:9:      gammafunk_wand_slinger, layout_layer_cave, lair_entry_dummy,
          david_orc_5
Lair:1:   layout_roguey
Lair:2:   layout_regular_city, uniq_amaemon
Lair:3:   layout_gridlike, nicolae_swamp_entry_splash_gauntlet,
          spider_nest_entry_a, serial_forest, infiniplex_forest_corner_2,
          infiniplex_forest_clump_double, infiniplex_forest_split,
          infiniplex_forest_straight_4, infiniplex_forest_clump_double,
          infiniplex_forest_end_3, infiniplex_forest_lined_2,
          nicolae_volcano_entry_s_turn, grunt_megastairs_5, uniq_rupert,
          uniq_urug
Lair:4:   layout_layer_cave, slime_entry_1
Lair:5:   minmay_lair_end_enchanted_forest, layout_misc_corridors,
          nzn_masters_of_martial_movement, grunt_megastairs_1,
          infiniplex_staircase_pool_2, lemuel_fruit_fields

Skill      XL: |  1  2  3  4  5  6  7  8  9 10 11 12 |
---------------+-------------------------------------+-----
Maces & Flails | 2 3 4 5 6 8 9 11 12 | 12.3
Fighting       | 3 4 5 6 8 9 |  9.2
Armour         | 4 5 6 7 9 11 12 13 | 13.9
Shields        | 4 5 6 8 9 10 | 10.7
Dodging        | 1 2 |  2.1
Stealth        | 1 |  1.6
Invocations    | 2 |  2.1

Action                     |  1- 3 |  4- 6 |  7- 9 | 10-12 | 13-15 || total
---------------------------+-------+-------+-------+-------+-------++-------
  Melee: Flail             |    97 |   224 |   125 |       |       ||   446
         Tailslap          |     6 |    16 |    63 |   177 |       ||   262
         Whip              |       |       |   256 |   422 |       ||   678
         Demon whip        |       |       |       |   377 |       ||   377
         Eveningstar       |       |       |       |    38 |     6 ||    44
 Invoke: Heroism           |       |       |       |     1 |       ||     1
         Finesse           |       |       |       |     3 |       ||     3
    Use: Potion            |       |       |     2 |     8 |     2 ||    12
         Scroll            |       |       |       |    23 |       ||    23
   Stab: Paralysed         |       |       |     1 |       |       ||     1
 Armour: Scale mail        |    74 |   105 |    29 |       |       ||   208
         Plate armour      |       |       |   176 |   311 |       ||   487
  Dodge: Dodged            |    45 |    79 |    96 |   144 |     1 ||   365
  Block: Buckler           |    17 |    64 |   126 |   332 |     2 ||   541
